Map: 애씨드 플랜트 - 래더

Players

INnoVation - Winner!

  • Race: Terran Terran
  • League: Grandmaster
  • Spawn Location: 5:00

빛나래

  • Race: Zerg Zerg
  • League: Grandmaster
  • Spawn Location: 11:00

VOD

Have the link to the VOD?

Description

Time

  • Played on: July 25, 2018, 2:29 a.m.
  • Length: 20:13
Show
View Real Time Build Order
Export as new Build Order

INnoVation Terran - Winner!

Build Orders: Gas First Reaper Expand, Liberator Opening, Reaper Expand, Mech 

Get SALT Encoding   

  12  0:00  SCV  
  13  0:12  SCV  
  14  0:17  Supply Depot  
  14  0:25  SCV  
  14  0:27  Refinery  
  15  0:38  SCV  
  16  0:44  Barracks  
  16  0:50  SCV  
  17  1:02  SCV  
  18  1:15  SCV  
  19  1:31  Orbital Command, Reaper  
  20  1:42  Command Center  
  20  1:53  Factory  
  20  1:56  SCV  
  21  2:05  Barracks Reactor  
  21  2:08  SCV  
  21  2:12  Refinery, Supply Depot  
  22  2:20  SCV  
  23  2:33  SCV  
  24  2:43  Starport  
  24  2:45  SCV  
  24  2:46  Hellion x2  
  29  2:54  Orbital Command  
  29  2:55  Barracks Tech Lab  
  29  2:57  SCV  
  30  3:02  Liberator  
  30  3:07  Hellion  
  30  3:08  Hellion  
  30  3:11  SCV  
  38  3:23  SCV x2  
  40  3:29  Supply Depot  
  40  3:31  Hellion  
  42  3:35  Hellion  
  42  3:38  SCV  
  42  3:39  SCV  
  46  3:45  Liberator  
  46  3:51  Supply Depot, SCV x2  
  51  4:03  Marine x2  
  51  4:05  SCV  
  54  4:13  Siege Tank, SCV  
  54  4:15  Supply Depot  
  59  4:17  SCV  
  59  4:26  Command Center  
  59  4:27  SCV  
  59  4:29  SCV  
  61  4:31  Marine  
  61  4:35  Supply Depot  
  61  4:37  Refinery  
  63  4:39  Refinery  
  53  4:48  SCV x2  
  51  4:54  Armory  
  51  4:56  Armory  
  51  5:00  SCV x2  
  51  5:04  Hellion x2  
  51  5:06  Factory  
  57  5:12  SCV x2  
  59  5:14  Barracks Tech Lab  
  59  5:18  Factory  
  59  5:24  SCV  
  59  5:25  SCV  
  59  5:26  Hellion x2  
  65  5:37  Starport Reactor, SCV x2  
  64  5:44  Orbital Command  
  64  5:45  Terran Vehicle Weapons Level 1  
  64  5:46  Terran Vehicle And Ship Armor Level 1  
  64  5:50  SCV x2  
  64  5:55  Hellion x2  
  70  6:02  SCV x2  
  69  6:06  Orbital Command  
  69  6:10  Refinery  
  69  6:13  Refinery  
  69  6:14  SCV x2  
  69  6:18  Thor  
  77  6:19  Thor, Hellion x2  
  77  6:25  Supply Depot  
  87  6:27  Supply Depot  
  87  6:28  SCV x2  
  87  6:31  SCV  
  90  6:38  Supply Depot  
  90  6:39  Medivac  
  92  6:45  SCV, Medivac  
  92  6:47  SCV x2  
  95  6:49  Hellion x2  
  95  6:52  Supply Depot  
  99  6:55  Supply Depot  
  99  7:00  SCV x3  
  99  7:01  Siege Tank  
  105  7:02  Siege Tank  
  105  7:04  Supply Depot  
  108  7:12  SCV x2  
  108  7:13  SCV  
  108  7:14  Barracks Reactor  
  111  7:16  Factory  
  111  7:17  Factory  
  111  7:25  Supply Depot  
  111  7:28  Supply Depot, Hellion x2  
  115  7:32  SCV  
  115  7:33  SCV x2  
  118  7:40  Command Center  
  118  7:45  Terran Vehicle Weapons Level 2, Terran Vehicle And Ship Armor Level 2  
  118  7:52  Siege Tank  
  118  7:53  Hellion x2  
  123  8:00  Siege Tank  
  123  8:01  SCV x3  
  123  8:03  Factory Tech Lab  
  123  8:04  Engineering Bay  
  125  8:11  Hellion  
  125  8:12  Infernal Pre-Igniter, Hellion  
  127  8:15  Hellion  
  127  8:16  Hellion  
  127  8:18  Hellion x2  
  129  8:20  SCV x3  
  129  8:25  Siege Tank  
  135  8:29  Siege Tank  
  135  8:33  Hellion x2  
  142  8:38  Siege Tank  
  146  8:41  SCV x3  
  148  8:50  Sensor Tower  
  148  8:52  Command Center x2  
  148  8:56  Hellion x3  
  148  8:58  SCV x3, Hellion  
  159  9:07  Refinery  
  159  9:10  Refinery  
  159  9:13  Siege Tank x2  
  168  9:17  Siege Tank  
  168  9:18  Hellion x2  
  168  9:22  Thor x2, Hellion  
  172  9:25  Hellion  
  164  9:34  Supply Depot  
  164  9:35  Supply Depot x2, Command Center  
  164  9:36  Planetary Fortress  
  164  9:38  Hellion x2  
  164  9:43  Command Center  
  164  9:47  Sensor Tower  
  164  9:50  Siege Tank, Liberator  
  164  9:51  Siege Tank  
  170  9:54  Liberator  
  170  9:56  Siege Tank, Hellion  
  170  9:57  Hellion x2  
  170  9:58  Hellion  
  182  10:16  Orbital Command x2  
  182  10:19  Hellion x3  
  182  10:20  Hellion  
  190  10:25  Terran Vehicle Weapons Level 3  
  185  10:41  Siege Tank x2, Hellion  
  185  10:42  Hellion x3  
  199  10:52  Terran Vehicle And Ship Armor Level 3  
  191  11:07  Liberator x2  
  191  11:09  Hellion x2  
  191  11:10  Hellion x2  
  199  11:13  Starport  
  199  11:15  Starport x2  
  193  11:20  Hellion x3  
  175  11:41  Siege Tank x2, Hellion x4  
  175  11:44  Planetary Fortress  
  189  11:53  Refinery  
  189  11:54  Liberator x2  
  187  11:56  Refinery  
  187  12:01  Command Center  
  187  12:03  Smart Servos  
  187  12:07  Command Center  
  187  12:09  Starport Tech Lab  
  187  12:10  Starport Tech Lab x2  
  193  12:20  Hellion x3  
  184  12:30  Siege Tank  
  184  12:31  Siege Tank x2, Hellion  
  192  12:41  Hellion  
  192  12:42  Hellion  
  192  12:43  Banshee x2  
  192  12:44  Banshee  
  199  12:45  Cloaking Field  
  199  12:54  Hyperflight Rotors  
  196  13:07  Command Center  
  196  13:08  Command Center  
  196  13:12  Command Center  
  193  13:14  Command Center  
  193  13:18  Hellion x4  
  174  13:22  Siege Tank x3, Viking x2, Refinery  
  174  13:24  Refinery  
  173  13:29  Planetary Fortress  
  173  13:33  Structure Armor, Terran Ship Weapons Level 1  
  173  13:40  Hellion x2  
  173  13:41  Hellion x2  
  181  13:54  Thor x2  
  181  13:55  Hellion  
  183  14:02  Planetary Fortress, Hellion x3  
  184  14:04  Banshee x3  
  186  14:23  Viking x2  
  190  14:27  Orbital Command x3  
  190  14:31  Planetary Fortress  
  190  14:33  SCV x5  
  195  14:45  SCV  
  196  14:47  Thor  
  196  14:48  Planetary Fortress  
  196  14:50  Banshee  
  196  14:51  Refinery x2  
  196  14:52  Siege Tank  
  197  14:54  Siege Tank  
  194  15:29  Siege Tank  
  194  15:30  Siege Tank  
  194  15:31  Banshee, Hellion x2  
  199  15:36  Terran Ship Weapons Level 2  
  199  15:51  Siege Tank  
  199  15:52  Hellion x3  
  156  16:01  Siege Tank  
  156  16:02  Siege Tank  
  126  16:11  Banshee x2  
  126  16:12  Viking x2  
  126  16:14  Banshee  
  126  16:16  Hellion x4  
  147  16:23  Siege Tank  
  147  16:24  SCV  
  147  16:25  SCV x8  
  159  16:32  Sensor Tower  
  159  16:33  Siege Tank  
  159  16:34  Siege Tank  
  159  16:36  SCV, Hellion x4  
  159  16:37  SCV  
  159  16:38  Orbital Command  
  163  16:40  Refinery  
  163  16:42  Refinery, Hellion x2  
  163  16:43  Hellion x2  
  163  16:46  SCV x5  
  174  16:48  SCV  
  174  16:49  SCV  
  174  16:50  Viking  
  174  16:51  Viking  
  180  16:55  Siege Tank  
  180  16:58  SCV x2  
  180  16:59  Banshee x2  
  180  17:00  Banshee  
  194  17:05  Siege Tank  
  194  17:06  Siege Tank  
  200  17:13  Factory  
  196  17:17  Command Center  
  196  17:19  Factory x2  
  196  17:26  Hellion x2  
  195  17:34  Viking x2  
  187  17:37  Hellion  
  187  17:41  Siege Tank x3, Hellion  
  187  17:42  Banshee  
  198  17:47  Hellion  
  188  17:58  Hellion  
  190  18:09  Factory Reactor, Factory Tech Lab  
  190  18:12  Factory Reactor  
  182  18:15  Banshee x2, Viking  
  182  18:16  Thor x3, Viking  
  194  18:27  Missile Turret  
  194  18:28  Hi-Sec Auto Tracking  
  194  18:30  Missile Turret  
  194  18:31  Missile Turret  
  194  18:33  Missile Turret x2  
  187  18:39  Banshee  
  190  18:45  Viking x2  
  200  18:48  Hellion x3  
  200  18:53  Missile Turret  
  200  18:54  Missile Turret x2  
  200  18:55  Missile Turret  
  199  19:08  Hellion x2  
  199  19:23  Siege Tank, Refinery  
  186  19:38  Siege Tank  
  186  19:39  Siege Tank x2, Hellion  
  186  19:40  Hellion  
  186  19:41  Hellion x2  
Show
View Real Time Build Order
Export as new Build Order

빛나래 Zerg 

Build Orders: Hatch First, Swarm Host 

Get SALT Encoding   

  12  0:01  Drone  
  13  0:13  Overlord  
  13  0:17  Drone  
  14  0:31  Drone x2  
  16  0:38  Drone  
  17  0:53  Hatchery  
  16  0:58  Drone x2  
  18  1:12  Extractor  
  18  1:15  Spawning Pool  
  18  1:17  Drone  
  17  1:20  Drone  
  18  1:28  Drone  
  19  1:40  Drone  
  20  2:03  Zergling x4  
  20  2:05  Queen  
  20  2:06  Queen  
  20  2:07  Zergling x2  
  27  2:14  Overlord  
  27  2:17  Drone  
  27  2:22  Metabolic Boost  
  28  2:34  Drone  
  28  2:35  Hatchery  
  28  2:37  Drone  
  28  2:40  Drone  
  30  2:47  Queen  
  32  2:52  Overlord  
  32  2:56  Drone  
  32  2:58  Drone  
  34  3:04  Drone x2  
  36  3:12  Drone x2  
  38  3:14  Drone x2  
  38  3:17  Overlord  
  40  3:22  Drone x2  
  42  3:29  Overlord  
  42  3:33  Drone  
  43  3:34  Drone  
  43  3:35  Drone x2  
  46  3:43  Drone  
  47  3:48  Queen  
  47  3:49  Drone  
  47  3:52  Zergling x4  
  47  3:53  Drone  
  47  3:55  Drone x3  
  56  3:58  Drone  
  56  4:01  Lair  
  57  4:03  Queen  
  57  4:09  Extractor  
  58  4:10  Extractor  
  58  4:12  Baneling Nest, Drone  
  58  4:16  Zergling x6  
  61  4:21  Overlord  
  61  4:24  Zergling x4  
  60  4:25  Drone  
  60  4:30  Spore Crawler, Drone  
  61  4:33  Drone  
  62  4:43  Drone x4  
  62  4:44  Drone x2  
  64  4:48  Queen  
  64  4:53  Drone  
  64  4:54  Drone x2  
  64  4:56  Spore Crawler  
  66  5:01  Drone x3  
  66  5:03  Drone x3  
  72  5:07  Centrifical Hooks  
  72  5:11  Spore Crawler  
  72  5:12  Drone  
  72  5:13  Drone  
  72  5:14  Drone  
  74  5:18  Overlord  
  73  5:26  Overlord  
  72  5:30  Drone  
  72  5:33  Overlord  
  73  5:38  Drone x2  
  73  5:40  Drone  
  73  5:41  Drone x2  
  77  5:43  Drone x4  
  77  5:46  Drone x2, Evolution Chamber x2  
  77  5:47  Drone  
  82  5:53  Drone x2  
  82  5:54  Drone  
  84  5:57  Drone  
  84  6:05  Extractor x2  
  84  6:08  Drone  
  84  6:09  Hatchery  
  84  6:10  Drone x2  
  84  6:15  Zerg Melee Weapons Level 1, Zerg Ground Armor Level 1  
  84  6:18  Zergling x8  
  88  6:23  Overlord  
  88  6:24  Overlord x2  
  88  6:26  Zergling x4  
  88  6:29  Zergling x4  
  92  6:33  Hatchery  
  91  6:46  Drone x3  
  91  6:47  Drone x2  
  91  6:49  Hydralisk Den  
  91  6:50  Baneling x3  
  91  6:51  Baneling x3, Infestation Pit  
  91  6:58  Drone x3  
  91  6:59  Drone  
  91  7:00  Extractor  
  94  7:02  Zergling x4  
  94  7:19  Drone x5  
  94  7:20  Drone x6  
  94  7:22  Hydralisk x3, Grooved Spines  
  111  7:30  Hydralisk  
  111  7:31  Baneling  
  111  7:32  Baneling x4  
  111  7:36  Baneling  
  111  7:37  Hydralisk x7  
  123  7:45  Zergling x2  
  123  7:46  Zergling x12  
  115  7:56  Hydralisk x7  
  115  7:57  Hydralisk  
  126  8:01  Hydralisk  
  124  8:19  Overlord x2  
  124  8:21  Hatchery  
  123  8:28  Zerg Missile Weapons Level 1, Zerg Melee Weapons Level 2  
  123  8:29  Overlord  
  123  8:30  Overlord x4  
  123  8:34  Muscular Augments  
  123  8:39  Drone  
  123  8:40  Drone x8  
  132  8:49  Swarm Host x4  
  132  8:51  Swarm Host  
  147  8:56  Swarm Host x2  
  147  9:00  Swarm Host  
  156  9:03  Swarm Host  
  159  9:12  Extractor x2  
  159  9:13  Baneling x2  
  159  9:14  Baneling x2  
  159  9:15  Baneling  
  148  9:24  Drone  
  148  9:25  Drone x6  
  148  9:29  Swarm Host x2  
  148  9:30  Swarm Host  
  163  9:43  Swarm Host x3  
  163  9:45  Drone, Swarm Host  
  173  9:50  Overlord x2  
  176  10:08  Hive  
  176  10:09  Zergling x34  
  176  10:12  Baneling x3  
  193  10:16  Hatchery  
  192  10:23  Zergling x8  
  192  10:28  Baneling x16  
  196  10:29  Baneling x10  
  196  10:31  Zergling x2  
  197  10:38  Baneling x2  
  184  10:52  Zergling x14  
  184  10:53  Zergling x10  
  184  10:56  Baneling x3  
  190  10:58  Hydralisk x3  
  190  10:59  Hydralisk  
  198  11:08  Zergling x12  
  186  11:23  Hydralisk x8  
  180  11:35  Swarm Host x6  
  180  11:37  Overlord x2  
  189  11:49  Swarm Host  
  189  11:51  Overlord x3  
  185  11:58  Viper, Queen  
  185  11:59  Viper  
  188  12:05  Zergling x4  
  188  12:06  Zergling x6  
  193  12:10  Zergling x6  
  196  12:17  Zergling x2  
  196  12:19  Zergling x4  
  188  12:45  Overlord x2  
  183  12:52  Overlord  
  183  12:53  Overlord x3  
  181  12:59  Drone x2  
  181  13:01  Overlord x2  
  181  13:02  Hatchery  
  181  13:03  Overlord x2  
  182  13:10  Infestation Pit  
  181  13:17  Zergling x12  
  173  13:27  Evolution Chamber  
  173  13:29  Zergling x8  
  173  13:32  Evolution Chamber  
  173  13:33  Zergling x8  
  179  13:38  Hatchery, Zergling x4  
  179  13:41  Baneling x12  
  180  13:44  Drone  
  172  13:56  Hydralisk Den  
  172  13:58  Swarm Host x5  
  184  14:04  Zergling x6  
  184  14:05  Zergling x2  
  184  14:08  Viper  
  191  14:16  Zerg Missile Weapons Level 2  
  191  14:20  Zerg Melee Weapons Level 3  
  191  14:26  Drone x3  
  191  14:30  Baneling x2  
  191  14:31  Viper  
  194  14:34  Drone  
  198  14:53  Zergling x2  
  198  14:55  Hatchery  
  198  14:57  Spore Crawler  
  198  14:59  Spine Crawler x2  
  195  15:02  Baneling x8  
  195  15:03  Baneling x2  
  195  15:04  Overseer  
  195  15:05  Overseer  
  195  15:09  Drone x2  
  195  15:11  Drone x2  
  188  15:32  Hydralisk  
  188  15:33  Hydralisk x6  
  194  15:38  Pneumatized Carapace  
  192  15:47  Hydralisk x2  
  170  16:02  Unknown  
  166  16:06  Unknown x2  
  166  16:08  Hydralisk x6  
  167  16:14  Drone x2  
  167  16:18  Zergling x6  
  171  16:20  Drone  
  171  16:24  Drone  
  174  16:37  Hydralisk x4  
  180  16:43  Drone  
  180  16:44  Drone x2  
  180  16:46  Baneling  
  180  16:47  Baneling x2  
  183  16:50  Drone x2  
  183  16:53  Drone  
  183  16:54  Drone  
  187  16:59  Drone  
  188  17:01  Queen  
  189  17:12  Zergling x8  
  186  17:30  Unknown  
  186  17:32  Unknown x2  
  186  17:33  Hydralisk  
  186  17:34  Hydralisk x7  
  199  17:46  Baneling  
  199  17:47  Baneling x6  
  194  17:53  Drone x7  
  194  17:56  Drone x2  
  198  18:18  Unknown  
  198  18:19  Unknown x2  
  192  18:28  Drone x4  
  192  18:29  Drone x3  
  192  18:30  Spore Crawler  
  192  18:32  Spine Crawler  
  192  18:33  Drone  
  192  18:34  Drone x5  
  199  18:55  Spore Crawler  
  191  19:31  Unknown x2  
  143  19:49  Overseer  
Tags
 
Add a new tag
Caveats
  • Supply blocks, unpowered buildings, or Contaminate may cause inaccurate times.
  • Supply counts are checked every 10 seconds.